SA
KENNESAW JETS @ NIAGARA FALLS EXPOS
08/20/2026
 
TOP OF THE 1ST
Kennesaw Jets batting - Pitching for Niagara Falls Expos : LHP Ramón Cerrillo
Pitching: LHP Ramón Cerrillo
Batting: RHB Bartolo Rosas 0-0: Foul Ball, location: 2F
0-1: Ball
1-1: Fly out, F7 (Line Drive, 7)
Batting: RHB Omar Durán 0-0: Called Strike
0-1: Ball
1-1: Ground out U3 (Groundball, 34S)
Batting: LHB Pedro Corona 0-0: Called Strike
0-1: TRIPLE (Flyball, 7LM)
Batting: RHB Raúl Francisco 0-0: Swinging Strike
0-1: Ground out 5-3 (Groundball, 56S)
Top of the 1st over - 0 run(s), 1 hit(s), 0 error(s), 1 left on base; Kennesaw 0 - Niagara Falls 0
BOTTOM OF THE 1ST
Niagara Falls Expos batting - Pitching for Kennesaw Jets : RHP Roger Murdock
Pitching: RHP Roger Murdock
Batting: RHB Roberto Camacho 0-0: Ball
1-0: Foul Ball, location: 2F
1-1: DOUBLE (Groundball, 3L)
Batting: LHB Mark Armstead 0-0: Called Strike
0-1: Swinging Strike
0-2: SINGLE (Line Drive, 78S)
Roberto Camacho to third
Runner from 3rd tries for Home, SAFE, no throw
Batting: RHB Edgardo Castro 0-0: Ball
1-0: Grounds into double play, 6-4-3 (Groundball, 6)
Batting: LHB Pancho Farías 0-0: Called Strike
0-1: Ball
1-1: Ball
2-1: Called Strike
2-2: Foul Ball, location: 2F
2-2: Strikes out swinging
Bottom of the 1st over - 1 run(s), 2 hit(s), 0 error(s), 0 left on base; Kennesaw 0 - Niagara Falls 1
TOP OF THE 2ND
Kennesaw Jets batting - Pitching for Niagara Falls Expos : LHP Ramón Cerrillo
Batting: RHB Vic Richards 0-0: Called Strike
0-1: Fly out, F9 (Line Drive, 9)
Batting: SHB Pat Sargent 0-0: Swinging Strike
0-1: Ground out 6-3 (Groundball, 6S)
Batting: RHB Bernardo Martínez 0-0: Ball
1-0: SINGLE (Line Drive, 6D)
Batting: RHB Gerardo Maldonado 0-0: Ball
1-0: Ball
2-0: Foul Ball, location: 2F
2-1: Called Strike
2-2: Fly out, F3 (Popup, 3S)
Top of the 2nd over - 0 run(s), 1 hit(s), 0 error(s), 1 left on base; Kennesaw 0 - Niagara Falls 1
BOTTOM OF THE 2ND
Niagara Falls Expos batting - Pitching for Kennesaw Jets : RHP Roger Murdock
Batting: RHB Mario Germán 0-0: Called Strike
0-1: Ball
1-1: Ball
2-1: Ball
3-1: Ground out 4-3 (Groundball, 34)
Batting: LHB Carlos Germán 0-0: Foul Ball, location: 2F
0-1: Ball
1-1: Ball
2-1: Ball
3-1: DOUBLE (Line Drive, 9LM)
Batting: RHB Damien Medforth 0-0: Swinging Strike
0-1: Ball
Wild Pitch!
Carlos Germán to third
1-1: Called Strike
1-2: Ball
2-2: Strikes out swinging
Batting: RHB Hou Kong 0-0: Ball
Wild Pitch!
Carlos Germán scores
1-0: Foul Ball, location: 2F
1-1: SINGLE (Flyball, 89S)
Batting: RHB Jim Unknown 0-0: Ball
1-0: Ball
2-0: Hit by Pitch
Hou Kong to second
Batting: RHB Roberto Camacho 0-0: Foul Ball, location: 2F
0-1: Ball
1-1: Ball
2-1: Swinging Strike
2-2: Fly out, F9 (Flyball, 9LS)
Bottom of the 2nd over - 1 run(s), 2 hit(s), 0 error(s), 2 left on base; Kennesaw 0 - Niagara Falls 2
TOP OF THE 3RD
Kennesaw Jets batting - Pitching for Niagara Falls Expos : LHP Ramón Cerrillo
Batting: LHB Manuel Márquez 0-0: Swinging Strike
0-1: Swinging Strike
0-2: Foul Ball, location: 2F
0-2: Ball
1-2: SINGLE (Line Drive, 78S)
Batting: RHB Bartolo Rosas 0-0: Swinging Strike
0-1: Ball
1-1: Ball
2-1: DOUBLE (Line Drive, 3D)
Manuel Márquez to third
Batting: RHB Omar Durán 0-0: SINGLE (Line Drive, 89M)
Manuel Márquez scores
Bartolo Rosas to third
Runner from 3rd tries for Home, SAFE, no throw
Batting: LHB Pedro Corona 0-0: Ball
1-0: SINGLE (Line Drive, 4)
Omar Durán to second
Runner from 2nd tries for 3rd, SAFE, throw made to third
Pedro Corona to second
Batting: RHB Raúl Francisco 0-0: Ball
1-0: Ball
2-0: Called Strike
2-1: Called Strike
2-2: Ball
3-2: Strikes out swinging
Batting: RHB Vic Richards 0-0: Ball
1-0: Ball
2-0: Ball
3-0: Called Strike
3-1: Called Strike
3-2: Foul Ball, location: 2F
3-2: SINGLE (Line Drive, 4MD)
Omar Durán scores
Pedro Corona to third
Batting: SHB Pat Sargent 0-0: Foul Ball, location: 2F
0-1: Foul Ball, location: 2F
0-2: Ball
1-2: Ball
2-2: Strikes out swinging
Batting: RHB Bernardo Martínez 0-0: Ball
1-0: Foul Ball, location: 2F
1-1: Swinging Strike
1-2: Foul Ball, location: 2F
1-2: Strikes out swinging
Top of the 3rd over - 3 run(s), 5 hit(s), 0 error(s), 2 left on base; Kennesaw 3 - Niagara Falls 2
BOTTOM OF THE 3RD
Niagara Falls Expos batting - Pitching for Kennesaw Jets : RHP Roger Murdock
Batting: LHB Mark Armstead 0-0: Bunt for hit - play at first, batter safe!
Batting: RHB Edgardo Castro 0-0: Called Strike
0-1: Foul Ball, location: 2F
0-2: Fly out, F6 (Popup, 6MD)
Batting: LHB Pancho Farías 0-0: Called Strike
0-1: Foul Ball, location: 2F
0-2: Ball
1-2: Ball
Mark Armstead is caught stealing 2nd base
2-2: Ball
3-2: Foul Ball, location: 2F
3-2: Foul Ball, location: 2F
3-2: Fly out, F2 (Popup, 13S)
Bottom of the 3rd over - 0 run(s), 1 hit(s), 0 error(s), 0 left on base; Kennesaw 3 - Niagara Falls 2
TOP OF THE 4TH
Kennesaw Jets batting - Pitching for Niagara Falls Expos : LHP Ramón Cerrillo
Batting: RHB Gerardo Maldonado 0-0: SINGLE (Line Drive, 6D)
Batting: LHB Manuel Márquez 0-0: Ball
1-0: Foul Ball, location: 2F
1-1: Ball
2-1: Ball
3-1: Fielders Choice at 2nd, 4-6 (Groundball, 4)
Batting: RHB Bartolo Rosas 0-0: Called Strike
0-1: Called Strike
0-2: Ball
1-2: Ball
2-2: Fly out, F6 (Line Drive, 6)
Batting: RHB Omar Durán 0-0: Called Strike
0-1: Swinging Strike
0-2: Ball
1-2: Foul Ball, location: 2F
1-2: Fly out, F3 (Popup, 3L)
Top of the 4th over - 0 run(s), 1 hit(s), 0 error(s), 1 left on base; Kennesaw 3 - Niagara Falls 2
BOTTOM OF THE 4TH
Niagara Falls Expos batting - Pitching for Kennesaw Jets : RHP Roger Murdock
Batting: RHB Mario Germán 0-0: Called Strike
0-1: Foul Ball, location: 2F
0-2: Ball
1-2: Ball
2-2: Foul Ball, location: 2F
2-2: Strikes out swinging
Batting: LHB Carlos Germán 0-0: Ball
1-0: Swinging Strike
1-1: Ground out 3-1 (Groundball, 34S)
Batting: RHB Damien Medforth 0-0: Called Strike
0-1: Swinging Strike
0-2: Fly out, F8 (Flyball, 8RM)
Bottom of the 4th over - 0 run(s), 0 hit(s), 0 error(s), 0 left on base; Kennesaw 3 - Niagara Falls 2
TOP OF THE 5TH
Kennesaw Jets batting - Pitching for Niagara Falls Expos : LHP Ramón Cerrillo
Batting: LHB Pedro Corona 0-0: Called Strike
0-1: SINGLE (Line Drive, 78S)
Batting: RHB Raúl Francisco 0-0: Ball
1-0: Fly out, F8 (Flyball, 78M)
Batting: RHB Vic Richards 0-0: Ball
1-0: Called Strike
1-1: SINGLE (Groundball, 4D)
Pedro Corona to second
Runner from 2nd tries for 3rd, SAFE, throw made to third
Batting: SHB Pat Sargent 0-0: Ball
1-0: Foul Ball, location: 2F
1-1: Foul Ball, location: 2F
1-2: Fly out, F3 (Line Drive, 3L)
Batting: RHB Bernardo Martínez 0-0: Ball
1-0: Called Strike
1-1: Fielders Choice at 2nd, 6-4 (Groundball, 6)
Top of the 5th over - 0 run(s), 2 hit(s), 0 error(s), 1 left on base; Kennesaw 3 - Niagara Falls 2
BOTTOM OF THE 5TH
Niagara Falls Expos batting - Pitching for Kennesaw Jets : RHP Roger Murdock
Batting: RHB Hou Kong 0-0: Ball
1-0: Ball
2-0: Foul Ball, location: 2F
2-1: Called Strike
2-2: Foul Ball, location: 2F
2-2: Strikes out swinging
Batting: RHB Jim Unknown 0-0: Ball
1-0: Called Strike
1-1: Swinging Strike
1-2: Fly out, F7 (Flyball, 7LS)
Batting: RHB Roberto Camacho 0-0: Ball
1-0: Called Strike
1-1: Called Strike
1-2: Fly out, F9 (Flyball, 9D)
Bottom of the 5th over - 0 run(s), 0 hit(s), 0 error(s), 0 left on base; Kennesaw 3 - Niagara Falls 2
TOP OF THE 6TH
Kennesaw Jets batting - Pitching for Niagara Falls Expos : LHP Ramón Cerrillo
Batting: RHB Gerardo Maldonado 0-0: Ball
1-0: Bunted foul
1-1: Swinging Strike
1-2: Foul Ball, location: 2F
1-2: Strikes out looking
Batting: LHB Manuel Márquez 0-0: Ball
1-0: Foul Ball, location: 2F
1-1: Foul Ball, location: 2F
1-2: Strikes out swinging
Batting: RHB Bartolo Rosas 0-0: Ball
1-0: Ball
2-0: Ball
3-0: Called Strike
3-1: Base on Balls
Batting: RHB Omar Durán 0-0: Ball
Throwing error on steal attempt, E2
Bartolo Rosas to third
1-0: SINGLE (Flyball, 8LS)
Bartolo Rosas scores
Batting: LHB Pedro Corona 0-0: Ball
1-0: Called Strike
1-1: Swinging Strike
1-2: Foul Ball, location: 2F
1-2: Strikes out swinging
Top of the 6th over - 1 run(s), 1 hit(s), 1 error(s), 1 left on base; Kennesaw 4 - Niagara Falls 2
BOTTOM OF THE 6TH
Niagara Falls Expos batting - Pitching for Kennesaw Jets : RHP Roger Murdock
Batting: LHB Mark Armstead 0-0: Ball
1-0: Ball
2-0: Called Strike
2-1: SINGLE (Groundball, 4MD)
Batting: RHB Edgardo Castro 0-0: Ball
1-0: Ball
2-0: Swinging Strike
2-1: DOUBLE (Line Drive, 7LM)
Mark Armstead to third
Batting: LHB Pancho Farías 0-0: Ball
1-0: Called Strike
1-1: Swinging Strike
1-2: Ground out 4-3 (Groundball, 4)
Mark Armstead scores
Edgardo Castro to third
Now at 2B: Héctor Amador
Batting: RHB Mario Germán 0-0: Called Strike
0-1: Called Strike
0-2: Strikes out looking
Batting: LHB Carlos Germán 0-0: Called Strike
0-1: Foul Ball, location: 2F
Balk!
Edgardo Castro scores
0-2: Reached on error, E4 (Groundball, 4)
Batting: RHB Damien Medforth 0-0: Called Strike
0-1: Called Strike
0-2: Ball
Carlos Germán is caught stealing 2nd base
Bottom of the 6th over - 2 run(s), 2 hit(s), 1 error(s), 0 left on base; Kennesaw 4 - Niagara Falls 4
TOP OF THE 7TH
Kennesaw Jets batting - Pitching for Niagara Falls Expos : LHP Ramón Cerrillo
Batting: RHB Héctor Amador 0-0: Ball
1-0: Ball
2-0: Ball
3-0: Base on Balls
Batting: RHB Vic Richards 0-0: Foul Ball, location: 2F
0-1: Foul Ball, location: 2F
0-2: Ball
1-2: Foul Ball, location: 2F
1-2: Ball
2-2: Strikes out looking
Pitching: LHP Terence Pasamonte
Pinch Hitting: RHB Bennett Whitaker 0-0: Ball
1-0: Ball
2-0: Called Strike
2-1: Foul Ball, location: 2F
2-2: Foul Ball, location: 2F
2-2: Strikes out swinging
Batting: RHB Bernardo Martínez 0-0: SINGLE (Groundball, 56D)
Héctor Amador to second
Runner from 2nd tries for 3rd, SAFE, throw made to third
Pinch Hitting: SHB Jesús Valdés 0-0: Called Strike
0-1: Ball
1-1: Foul Ball, location: 2F
1-2: Strikes out swinging wild pitch, reaches first!
Héctor Amador scores
Bernardo Martínez to second
Pinch Hitting: RHB Ben Simpson 0-0: Called Strike
0-1: Swinging Strike
0-2: Fly out, F3 (Line Drive, 34)
Top of the 7th over - 1 run(s), 1 hit(s), 0 error(s), 2 left on base; Kennesaw 5 - Niagara Falls 4
BOTTOM OF THE 7TH
Niagara Falls Expos batting - Pitching for Kennesaw Jets : RHP Roger Murdock
Now at 1B: Jesús Valdés
Now at SS: Bennett Whitaker
Now in LF: Jim Unknown
Batting: RHB Damien Medforth 0-0: Swinging Strike
0-1: Ball
1-1: Ground out 5-3 (Groundball, 5D)
Batting: RHB Hou Kong 0-0: Fly out, F9 (Flyball, 9D)
Batting: RHB Jim Unknown 0-0: Called Strike
0-1: Ball
1-1: Ball
2-1: Foul Ball, location: 2F
2-2: Ball
3-2: Foul Ball, location: 2F
3-2: Ground out 1-3 (Groundball, 15S)
Bottom of the 7th over - 0 run(s), 0 hit(s), 0 error(s), 0 left on base; Kennesaw 5 - Niagara Falls 4
TOP OF THE 8TH
Kennesaw Jets batting - Pitching for Niagara Falls Expos : LHP Terence Pasamonte
Batting: RHB Bartolo Rosas 0-0: Ball
1-0: Swinging Strike
1-1: SINGLE (Line Drive, 56D)
Batting: RHB Omar Durán 0-0: Ball
1-0: Sac Bunt - play at first, batter OUT! 2-4
Bartolo Rosas to second
Batting: LHB Pedro Corona 0-0: Intentional Walk
Batting: RHB Héctor Amador 0-0: Called Strike
0-1: Ball
Bartolo Rosas steals 3rd base
Pedro Corona to second
1-1: Intentional Walk
Batting: RHB Vic Richards 0-0: Ball
1-0: Called Strike
1-1: Swinging Strike
1-2: Strikes out swinging
Batting: RHB Bennett Whitaker 0-0: Swinging Strike
0-1: Swinging Strike
0-2: Ball
1-2: Strikes out swinging
Top of the 8th over - 0 run(s), 1 hit(s), 0 error(s), 3 left on base; Kennesaw 5 - Niagara Falls 4
BOTTOM OF THE 8TH
Niagara Falls Expos batting - Pitching for Kennesaw Jets : RHP Roger Murdock
Pitching: LHP Jim Unknown
Now at C: Shannon Corzo
Batting: RHB Roberto Camacho 0-0: Ball
1-0: Ball
2-0: Called Strike
2-1: Swinging Strike
2-2: Ball
3-2: Foul Ball, location: 2F
3-2: Ground out 4-3 (Groundball, 34D)
Batting: LHB Mark Armstead 0-0: Swinging Strike
0-1: Ball
1-1: Foul Ball, location: 2F
1-2: Ball
2-2: Strikes out swinging
Batting: RHB Edgardo Castro 0-0: Ball
1-0: Ball
2-0: Called Strike
2-1: SINGLE (Line Drive, 8RS)
Pinch Hitting: RHB Justin Smelter 0-0: Called Strike
0-1: Called Strike
0-2: Fielders Choice at 2nd, 6-4 (Groundball, 6)
Bottom of the 8th over - 0 run(s), 1 hit(s), 0 error(s), 0 left on base; Kennesaw 5 - Niagara Falls 4
TOP OF THE 9TH
Kennesaw Jets batting - Pitching for Niagara Falls Expos : LHP Terence Pasamonte
Pitching: LHP Mannus Dijkman
Now at 3B: Justin Smelter
Batting: RHB Bernardo Martínez 0-0: Called Strike
0-1: Ball
1-1: Foul Ball, location: 2F
1-2: Ball
2-2: Strikes out looking
Batting: SHB Jesús Valdés 0-0: Ground out 4-3 (Groundball, 34)
Batting: LHB Jim Unknown 0-0: Fly out, F8 (Flyball, 89S)
Top of the 9th over - 0 run(s), 0 hit(s), 0 error(s), 0 left on base; Kennesaw 5 - Niagara Falls 4
BOTTOM OF THE 9TH
Niagara Falls Expos batting - Pitching for Kennesaw Jets : LHP Jim Unknown
Batting: RHB Mario Germán 0-0: Reached on error, E5 (Groundball, 5D)
Pinch Hitting: SHB Juan Carlos Santos 0-0: Called Strike
0-1: Ball
1-1: Ball
2-1: Ball
3-1: Base on Balls
Batting: RHB Damien Medforth 0-0: Sac Bunt - play at first, batter OUT! 3-4
Mario Germán to third
Juan Carlos Santos to second
Batting: RHB Hou Kong 0-0: Called Strike
0-1: Ball
1-1: Ball
2-1: SINGLE (Line Drive, 7LS)
Mario Germán scores
Juan Carlos Santos to third
Runner from 3rd tries for Home, SAFE, no throw
Monday, March 20th, 2017 - OOTP Baseball 17.12 Build 75